 Dungeon Crawl Stone Soup version 0.27-a0-1200-g94dc6ad4cf (webtiles) character file.

Game seed: 5149163550520265371

245 polve the Skirmisher (level 5, -1/41 (44) HPs)
             Began as a Demonspawn Abyssal Knight on May 30, 2021.
             Was a Believer of Lugonu.
             Slain by Duvessa
             ... wielding a +0 short sword
              (3 damage)
             ... on level 4 of the Dungeon.
             The game lasted 00:03:21 (4244 turns).

polve the Skirmisher (Demonspawn Abyssal Knight)    Turns: 4244, Time: 00:03:21

HP:   -1/41 (44)    AC:  8    Str: 13    XL:     5   Next: 84%
MP:   6/6           EV: 13    Int: 13    God:    Lugonu [**....]
Gold: 123           SH:  0    Dex: 13    Spells: 4/4 levels left

rFire    . . .     SeeInvis .   a - +1 short sword
rCold    . . .     Faith    .   (no shield)
rNeg     . . .     Spirit   .   i - +2 scale mail {Will+}
rPois    .         Reflect  .   (no helmet)
rElec    .         Harm     .   h - scarf {shadows}
rCorr    .         Rampage  .   (no gloves)
Will     +....                  (no boots)
Stlth    ..........             (no amulet)
HPRegen  0.13/turn              e - +4 ring of evasion
MPRegen  0.10/turn              (no ring)

@: drained
A: spiny 1, demonic magic 2, MP-powered wands
a: Renounce Religion, Depart the Abyss, Bend Space


You were on level 4 of the Dungeon.
You worshipped Lugonu.
Lugonu was pleased with you.
You visited 1 branch of the dungeon, and saw 4 of its levels.
You visited the Abyss 1 time.

You collected 123 gold pieces.

Inventory:

Hand Weapons
 a - a +1 short sword (weapon)
Armour
 h - a scarf of shadows (worn)
 i - a +2 scale mail of willpower (worn)
Jewellery
 e - a +4 ring of evasion (left hand)
Wands
 n - a wand of iceblast (9)
Scrolls
 b - 2 scrolls of enchant armour {unknown}
 c - 2 scrolls of noise {unknown}
 f - 5 scrolls of identify {unknown}
 g - a scroll of vulnerability {unknown}
 l - a scroll of amnesia {unknown}
 m - a scroll of torment {unknown}


   Skills:
 + Level 5.3 Fighting
 - Level 4.0 Short Blades
 - Level 1.7 Armour
 - Level 0.8 Dodging
 - Level 2.4 Invocations


You had 4 spell levels left.
You didn't know any spells.
Your spell library contained the following spells:

 Spells                   Type           Power      Damage    Failure   Level
 Confusing Touch          Hex            0%         N/A       99%         3
 Gell's Gravitas          Tloc           0%         N/A       99%         3
 Petrify                  Tmut/Erth      0%         N/A       100%        4
 Metabolic Englaciation   Hex/Ice        0%         N/A       100%        5
 Yara's Violent Unravell  Hex/Tmut       0%         3d3       100%        5


Dungeon Overview and Level Annotations

Branches:
Dungeon (4/15)
 Temple: D:4-7

Altars:
Trog

Shops:
D:1 (

Annotations:
D:4 Dowan, Duvessa


Innate Abilities, Weirdness & Mutations

You are partially covered in sharp spines.
Spells you cast may paralyse nearby enemies.
You expend magic power (3 MP) to strengthen your wands.


Message History

Duvessa barely misses you.
You closely miss Duvessa.
Duvessa is almost dead.
You hit Duvessa but do no damage.
Duvessa is almost dead.
Duvessa hits you with a +0 short sword.
You hit Duvessa but do no damage.
Duvessa is almost dead.
Duvessa hits you with a +0 short sword.
You hit Duvessa.
Duvessa is almost dead.
Duvessa hits you with a +0 short sword!
* * * LOW HITPOINT WARNING * * *
You barely miss Duvessa.
Duvessa is almost dead.
Duvessa hits you with a +0 short sword.
* * * LOW HITPOINT WARNING * * *
You hit Duvessa.
Duvessa is almost dead.
Duvessa says, "My weaknesses are his strengths!"
Duvessa hits you but does no damage.
You hit Duvessa but do no damage.
Duvessa is almost dead.
Duvessa completely misses you.
You hit Duvessa but do no damage.
Duvessa is almost dead.
Duvessa hits you with a +0 short sword.
* * * LOW HITPOINT WARNING * * *
You hit Duvessa but do no damage.
Duvessa is almost dead.
Dowan gestures at Duvessa while chanting.
Duvessa seems to speed up.
Duvessa closely misses you.
You hit Duvessa but do no damage.
Duvessa is almost dead.
Duvessa hits you with a +0 short sword.
* * * LOW HITPOINT WARNING * * *
You hit Duvessa but do no damage.
Duvessa is almost dead.
Duvessa hits you with a +0 short sword.
You die...

.## ..## ...# ...#
##### ...# ####...#
...## ########......#
....###............##
..#......#....###.##
.....#.....###ee@.#
....#..####....####
...#..##....##########
...#.###.#####........
.........#............
......####.......?....
.......# #............
...##..###............
.#####..†.............


You could see Duvessa (fast) and Dowan.

Vanquished Creatures
  A hound (D:4)
  An iguana (D:3)
  An orc wizard (D:3)
  6 adders
  An ufetubus (D:4)
  An adder skeleton (D:4)
  3 worms (D:3)
  2 dart slugs (D:1)
  5 orcs
  5 bats
  3 endoplasms
  4 giant cockroaches
  6 goblins
  6 hobgoblins
  12 jackals
  6 quokkas
  7 ball pythons
  3 frilled lizards
  2 kobolds
  12 rats
87 creatures vanquished.

Notes
Turn   | Place    | Note
-------+----------+-------------------------------------------
     0 | Abyss:1  | polve the Demonspawn Abyssal Knight began the quest for the
                  | Orb.
     0 | Abyss:1  | Reached XP level 1. HP: 18/18 MP: 2/2
    45 | Abyss:1  | Noticed a spatial vortex
    48 | Abyss:1  | Noticed a spatial maelstrom
    48 | Abyss:1  | Noticed a spatial vortex
    48 | Abyss:1  | Noticed a spatial vortex
    49 | D:1      | Escaped the Abyss
   159 | D:1      | Gained mutation: You are partially covered in sharp spines.
                  | [demonic ancestry]
   159 | D:1      | Reached XP level 2. HP: 8/24 MP: 3/3
   271 | D:1      | Reached * piety under Lugonu
   898 | D:1      | Found Idwick's Antique Weapon Boutique.
   952 | D:1      | Gained mutation: Spells you cast may paralyse adjacent
                  | enemies. [demonic ancestry]
   952 | D:1      | Reached XP level 3. HP: 29/29 MP: 4/4
  1640 | D:2      | HP: 1/29 [poisoned by an adder]
  1981 | D:2      | Reached XP level 4. HP: 29/35 MP: 5/5
  2580 | D:3      | Reached ** piety under Lugonu
  2638 | D:3      | Reached skill level 4 in Fighting
  3124 | D:3      | Gained mutation: Spells you cast may paralyse nearby
                  | enemies. [demonic ancestry]
  3124 | D:3      | Reached XP level 5. HP: 40/42 MP: 6/6
  3365 | D:3      | Noticed a moth of wrath
  3368 | D:3      | Found a bloodstained altar of Trog.
  4115 | D:4      | Reached skill level 5 in Fighting
  4172 | D:4      | Noticed Dowan
  4173 | D:4      | Noticed Duvessa
  4190 | D:4      | Gained mutation: You expend magic power (3 MP) to
                  | strengthen your wands. [potion of mutation]
  4243 | D:4      | HP: 2/41 [Duvessa/+0 short sword (1)]
  4244 | D:4      | Slain by Duvessa

Illustrated notes

Levels and vault maps discovered:
D:1:      amcnicky_arrival_blooded_trapdoor, layout_rooms, serial_shops, shop,
          amcnicky_mini_rare_corridor_liquid
D:2:      layout_basic
D:3:      layout_basic, tgw_trog
D:4:      layout_rooms, uniq_duvessa, uniq_grinder

Skill      XL: |  1  2  3  4  5 |
---------------+----------------+-----
Short Blades   | 2 3 4 |  4.0
Fighting       | 4 5 |  5.3
Armour         | |  1.7
Dodging        | |  0.8
Invocations    | |  2.4

Action                   |  1- 3 |  4- 6 || total
-------------------------+-------+-------++-------
Melee: Short sword       |    88 |   171 ||   259
Invok: Depart the Abyss  |     1 |       ||     1
  Use: Potion            |       |     5 ||     5
 Stab: Sleeping          |       |     1 ||     1
Armor: Leather armour    |    29 |     6 ||    35
       Scale mail        |       |    29 ||    29
Dodge: Dodged            |    47 |    85 ||   132

Table legend: (Time is in decaauts)
 A = Elapsed time spent in this place.
 B = Non-inter-level travel time spent in this place.
 C = Inter-level travel time spent in this place.
 D = Time resting spent in this place.
 E = Time spent auto-exploring this place.
 F = Levels seen in this place.
 G = Mean time per level.
                   A        B        C        D        E       F      G
               +--------+--------+--------+--------+--------+-----+--------+
         Total |   4220 |   4162 |     58 |      0 |   3551 |   5 |  844.0 |
       Dungeon |   4170 |   4112 |     58 |      0 |   3505 |   4 | 1042.5 |
         Abyss |     50 |     50 |      0 |      0 |     46 |   1 |   50.0 |
               +--------+--------+--------+--------+--------+-----+--------+

Top non-repeatable levels by time:
     D:3: 1518 daAuts
     D:2: 1284 daAuts
     D:1: 1010 daAuts
     D:4: 357 daAuts
 Abyss:1: 50 daAuts
